 Dungeon Crawl Stone Soup version 0.28.0-49-g6dfe1f597d (webtiles) character file.

Game seed: 9112172056912351004

46 Zeld the Insei (level 3, 0/23 HPs)
             Began as an Octopode Transmuter on May 11, 2022.
             Succumbed to an adder's poison
             ... on level 2 of the Dungeon.
             The game lasted 00:01:29 (968 turns).

Zeld the Insei (Octopode Transmuter)                 Turns: 968, Time: 00:01:30

Health: 0/23       AC:  2    Str: 11    XL:     3   Next: 66%
Magic:  2/6        EV: 19    Int: 15    God:
Gold:   42         SH:  0    Dex: 17    Spells: 0/6 levels left

rFire   . . .      SeeInvis .     - Unarmed
rCold   . . .      Faith    .   (shield currently unavailable)
rNeg    . . .      Spirit   .   (helmet currently unavailable)
rPois   x          Reflect  .   (no amulet)
rElec   .          Harm     .   (no ring)
rCorr   .          Rampage  .   (no ring)
Will    .....                   (no ring)
Stlth   ++........              (no ring)
HPRegen 0.07/turn               (no ring)
MPRegen 0.10/turn               (no ring)
                                (no ring)
                                (no ring)

@: lethally poisoned (0 -> -10), spider-form, very slightly contaminated
A: venomous fangs, almost no armour, (amphibious), 8 rings, tiny, (camouflage
1), (gelatinous body 1), (nimble swimmer 1), (tentacles)
a: End Transformation


You were on level 2 of the Dungeon.
You were a venomous arachnid creature.
You visited 1 branch of the dungeon, and saw 2 of its levels.

You collected 42 gold pieces.

Inventory:

Scrolls
 a - a scroll of identify {unknown}
Potions
 b - 2 potions of lignification {unknown}


   Skills:
 * Level 1.6 Fighting
 + Level 2.3 Dodging
 + Level 0.6 Stealth
 + Level 3.0 Unarmed Combat
 * Level 2.3 Spellcasting
 * Level 2.4 Transmutations
 + Level 0.7 Ice Magic
 + Level 0.5 Poison Magic


You couldn't memorise any spells.
You knew the following spells:

 Your Spells              Type           Power      Damage    Failure   Level
a - Beastly Appendage     Tmut           18%        N/A       21%         1
b - Wereblood             Tmut           9%         N/A       28%         2
c - Spider Form           Tmut/Pois      6%         N/A       56%         3

Your spell library contained the following spells:

 Spells                   Type           Power      Damage    Failure   Level
 Ice Form                 Ice/Tmut       6%         N/A       88%         4


Dungeon Overview and Level Annotations

Branches:
Dungeon (2/15)

Altars:

Shops:
D:2 :


Innate Abilities, Weirdness & Mutations

You are a venomous arachnid creature.
You have poisonous fangs.
You are tiny and dextrous.
Your spellcasting is less reliable in this form.
Your armour is entirely melded.
You are incapable of wielding weapons or throwing items.
You cannot wear most types of armour.
((You are amphibious.))
You can wear up to eight rings at the same time.
((Your skin changes colour to match your surroundings (Stealth+).))
((Your rubbery body absorbs attacks. (AC +1, EV +1)))
((You are camouflaged when in or above water. (Stealth+)))
((You have tentacles for arms and can constrict up to eight enemies at once.))


Message History

Found Wivudghai's Book Emporium.
There is an entrance to Wivudghai's Book Emporium here.
An adder comes into view.
An adder is nearby!
An adder is nearby!
Casting: Beastly Appendage (safe; 8% risk of failure)
Confirm with . or Enter, or press ? or * to list all spells.
You miscast Beastly Appendage.
You are very lightly contaminated with residual magic.
Nothing appears to happen.
The adder barely misses you.
You closely miss the adder. Your grab misses the adder. The adder bites you.
You are poisoned.
The adder poisons you!
You closely miss the adder. Your grab misses the adder.
You feel sick. The adder bites you.
You are more poisoned.
The adder poisons you! The adder barely misses you.
You tentacle-slap the adder but do no damage.
You grab the adder.
You constrict the adder, but do no damage.
You feel sick. The adder barely misses you.
You tentacle-slap the adder but do no damage.
You squeeze the adder.
The adder is moderately wounded.
You constrict the adder.
You feel sick. The adder bites you.
You are lethally poisoned!
The adder poisons you!
You release your grip on the adder.
You feel very sick.
Casting: Beastly Appendage (safe; 8% risk of failure)
Confirm with . or Enter, or press ? or * to list all spells.
The spell is extremely dangerous to miscast (34% risk of failure)!
Continue anyway?
You turn into a venomous arachnid creature.
* * * LOW HITPOINT WARNING * * *
You feel very sick. The adder completely misses you. The adder bites you.
* * * LOW HITPOINT WARNING * * *
You bite the adder!
The adder is poisoned.
The adder is almost dead.
You die...

#... #...# #..#
... ###.# #..#
.######.# ###..#
........####....#
.######..∩......#
#.####.#### .....
#.# #.###.##.# #.
#.Ss.# # #.####
... ....# ###..
#.. #. ..


You could see an adder (very poisoned).

Vanquished Creatures
  2 adders (D:2)
  4 endoplasms
  3 giant cockroaches (D:1)
  2 goblins (D:1)
  2 hobgoblins
  3 kobolds (D:1)
  A quokka (D:1)
  2 bats (D:1)
  3 frilled lizards (D:1)
  6 rats
28 creatures vanquished.

Notes
Turn   | Place    | Note
-------+----------+-------------------------------------------
     0 | D:1      | Zeld the Octopode Transmuter began the quest for the Orb.
     0 | D:1      | Reached XP level 1. HP: 13/13 MP: 3/3
   157 | D:1      | Reached XP level 2. HP: 12/18 MP: 3/5
   253 | D:1      | Found a faded altar of an unknown god.
   683 | D:1      | Reached XP level 3. HP: 22/23 MP: 4/6
   686 | D:1      | Learned a level 2 spell: Wereblood
   690 | D:1      | Learned a level 3 spell: Spider Form
   948 | D:2      | Found Wivudghai's Book Emporium.
   967 | D:2      | HP: 1/23 [adder (5)]
   968 | D:2      | Succumbed to an adder's poison

Illustrated notes

Levels and vault maps discovered:
D:1:      enne_arrival_octagon_isle, layout_loops_ring,
          ebering_ecumenical_altar_ruins
D:2:      cheibrodos_greedy_goblins, layout_loops_ring, serial_shops, shop,
          uniq_robin

Action                   || total
-------------------------++-------
Melee: Unarmed           ||    56
       Kick              ||    18
       Constrict         ||    17
       Tentacles         ||     8
 Cast: Beastly Appendage ||    19
       Spider Form       ||     1
 Stab: Sleeping          ||     7
Armor: Skin              ||     3
Dodge: Dodged            ||    33
